 Dungeon Crawl Stone Soup version 0.29-a0-459-g97dee8cd24 (webtiles) character file.

Game seed: 701889520252798312

3773 spiderkeys the Skirmisher (level 9, -1/74 HPs)
             Began as a Mummy Abyssal Knight on May 20, 2022.
             Was a High Priest of Lugonu.
             Killed from afar by a manticore (17 damage)
             ... with a volley of spikes
             ... on level 8 of the Dungeon.
             The game lasted 00:13:55 (6518 turns).

spiderkeys the Skirmisher (Mummy Abyssal Knight)    Turns: 6518, Time: 00:13:56

Health: -1/74      AC: 12    Str: 20    XL:     9   Next: 94%
Magic:  11/14      EV: 11    Int:  9    God:    Lugonu [*****.]
Gold:   464        SH:  0    Dex: 19    Spells: 8/8 levels left

rFire   x . .      SeeInvis .   p - +1 halberd (freeze)
rCold   + + .      Faith    .   (shield currently unavailable)
rNeg    + + +      Spirit   .   n - +3 ring mail "Etefuw" {rC+}
rPois   ∞          Reflect  .   f - +1 helmet
rElec   .          Harm     .   (no cloak)
rCorr   +          Rampage  .   (no gloves)
Will    +....                   r - +0 pair of boots
Stlth   +.........              g - amulet of regeneration
HPRegen 1.02/turn               D - +6 ring of dexterity
MPRegen 0.14/turn               R - ring of resist corrosion

@: spiked, slowed, very slow
A: cold resistance 1, negative energy resistance 3, torment resistance 2, heat
vulnerability 1, in touch with death 1, no potions
a: Renounce Religion, Depart the Abyss, Bend Space, Banish, Corrupt, Enter the
Abyss


You were on level 8 of the Dungeon.
You worshipped Lugonu.
Lugonu was extremely pleased with you.
You visited 1 branch of the dungeon, and saw 8 of its levels.
You visited the Abyss 1 time.
You also visited: Sewer.

You collected 464 gold pieces.


Innate Abilities, Weirdness & Mutations

You are immune to poison.
Your flesh is cold resistant. (rC+)
You are immune to negative energy. (rN+++)
You are immune to unholy pain and torment.
You are vulnerable to heat. (rF-)
You are in touch with the powers of death.
You do not drink.


   Skills:
 + Level 7.8 Fighting
 + Level 6.1 Polearms
 + Level 6.1 Armour
 - Level 1.0 Dodging
 + Level 6.7 Invocations


You had 8 spell levels left.
You didn't know any spells.
Your spell library contained the following spells:

 Spells                   Type           Power      Damage    Failure   Level
 Sandblast                Erth           0%         2d4       54%         1
 Passwall                 Tmut/Erth      0%         N/A       67%         2
 Stone Arrow              Conj/Erth      0%         3d7       88%         3
 Petrify                  Tmut/Erth      0%         N/A       99%         4
 Metabolic Englaciation   Hex/Ice        0%         N/A       100%        5
 Beastly Appendage        Tmut           Unusable   N/A       N/A         1
 Wereblood                Tmut           Unusable   N/A       N/A         2
 Spider Form              Tmut/Pois      Unusable   N/A       N/A         3
 Statue Form              Tmut/Erth      Unusable   N/A       N/A         6

Inventory:

Hand Weapons
 a - the +7 hunting sling of the Pit {freeze, +Blink Str+4}
   (You found it on level 4 of the Dungeon)

   Any ammunition fired from it freezes those it strikes, dealing additional
   cold damage.
   It can also slow down cold-blooded creatures.
   Str:       It affects your strength (+4).
   +Blink:    It lets you blink.
 p - a +1 halberd of freezing (weapon)
   (You took it off a gnoll on level 8 of the Dungeon)
 F - a +1 spear
Missiles
 c - 341 stones
 k - 6 javelins
 l - 23 poisoned darts
 q - 3 datura-tipped darts
 w - 2 curare-tipped darts {=f}
Armour
 f - a +1 helmet (worn)
   (You took it off Robin on level 2 of the Dungeon)
 n - the +3 ring mail "Etefuw" (worn) {rC+}
   (You found it on level 6 of the Dungeon)

   rC:        It protects you from cold.
 r - a +0 pair of boots (worn)
   (You found it on level 5 of the Dungeon)
 H - a +2 ring mail of fire resistance
   (You found it on level 5 of the Dungeon)
Jewellery
 g - an amulet of regeneration (around neck)
   (You found it on level 1 of the Dungeon)
 D - a +6 ring of dexterity (left hand)
   (You found it on level 2 of the Dungeon)
 L - a ring of flight
   (You took it off a goblin on level 4 of the Dungeon)
 R - a ring of resist corrosion (right hand)
   (You found it on level 6 of the Dungeon)
 T - an amulet of faith {!P}
   (You found it on level 8 of the Dungeon)
 Z - a ring of wizardry
   (You took it off a kobold on level 2 of the Dungeon)
Wands
 i - a wand of acid (10)
   (You found it on level 3 of the Dungeon)
 W - a wand of iceblast (11)
   (You took it off Psyche on level 8 of the Dungeon)
Scrolls
 d - a scroll of fear
 e - 2 scrolls of poison
 h - 2 scrolls of amnesia
 j - 4 scrolls of teleportation {@r4}
 m - a scroll of magic mapping {!r}
 o - 3 scrolls of vulnerability {!r!r}
 z - 4 scrolls of identify {@r1}
 S - a scroll of enchant armour
 V - 2 scrolls of enchant weapon

Dungeon Overview and Level Annotations

Branches:
Dungeon (8/15)             Temple (0/1) D:6           Sewer (visited)
   Lair: D:8-11

Altars:
Ashenzari
Cheibriados
Elyvilon
Hepliaklqana
Kikubaaqudgha

#...#...)##..##....
#...#..).##..##...#
#...#.............#
#..)#........##...#
#...#........##...#
####...#....######...#
#.cW...#....##..##...#
#.##...#.........#....
#. ##@.#.........#....
#W ##.#.........#....
#c .#....##..##)))# #
.#....###'##.))#
H#........##.).#
.#..............
.#....##..##....
.#....##..##....
.........#....


You could see a centaur warrior, a manticore and a wraith.


Message History

You hear an angry hiss. 😮 HP[-18]
You take 18 damage, and now have 54/72 hp.
MASSIVE DAMAGE!! (PAUSE) 😕 HP[+1]
You start resting.
A black mamba comes into view. 😕 HP[+3]
You regained 3 hp, and now have 58/72 hp.
You miss the black mamba. The black mamba closely misses you.
The black mamba bites you. 😮 HP[-4]
You take 4 damage, and now have 54/72 hp.
You hit the black mamba. You freeze the black mamba. The black mamba bites you.
The black mamba barely misses you. 😮 HP[-1]
You take 1 damage, and now have 53/72 hp.
You barely miss the black mamba. The black mamba bites you.
The black mamba completely misses you. 😮 HP[-1]
You take 1 damage, and now have 52/72 hp.
You closely miss the black mamba.
The black mamba bites you but does no damage.
The black mamba bites you! 😮 HP[-13]
You take 13 damage, and now have 39/72 hp.
You closely miss the black mamba. The black mamba bites you!
* * * LOW HITPOINT WARNING * * *
The black mamba barely misses you. 😨 HP[-9]
You take 9 damage, and now have 30/72 hp.
Unknown command.
Press: ? - help, Shift-Dir - straight line, f - black mamba
Aim: a black mamba (lightly wounded, chance to affect: 83%)
The black mamba is devoured by a tear in reality.
Lugonu claims a new guest.
A steam dragon comes into view.
Your Polearms skill increases to level 6!
Your Armour skill increases to level 6! 😨 HP[+2] MP[-4]
You now have 74 max hp (+2).
You regained 2 hp, and now have 32/74 hp.
You lost 4 mp, and now have 9/14 mp.
The steam dragon hisses angrily.
You puncture the wraith! You freeze the wraith.
The wraith closely misses you. 😨 HP[+1]
You hit the wraith but do no damage. The wraith barely misses you. 😨 HP[+1]
You barely miss the wraith. The wraith hits you but does no damage.
The steam dragon bites you.
* * * LOW HITPOINT WARNING * * *
The steam dragon claws you.
* * * LOW HITPOINT WARNING * * *
😨 HP[-8]
You take 8 damage, and now have 26/74 hp.
You hit the steam dragon. You freeze the steam dragon.
The wraith closely misses you. The steam dragon closely misses you.
The steam dragon completely misses you. 😨 HP[+1]
You slash the steam dragon! You freeze the steam dragon. The wraith hits you!
* * * LOW HITPOINT WARNING * * *
The steam dragon barely misses you.
The steam dragon claws you but does no damage.
The wraith hits you.
* * * LOW HITPOINT WARNING * * *
The steam dragon barely misses you.
The steam dragon claws you but does no damage. 😱 HP[-13] MP[+1]
You take 13 damage, and now have 14/74 hp.
You closely miss the steam dragon. The wraith barely misses you.
The steam dragon barely misses you.
The steam dragon claws you but does no damage. 😱 HP[+1]
You hit the steam dragon but do no damage.
The wraith hits you but does no damage. The steam dragon barely misses you.
The steam dragon closely misses you. 😱 HP[+2]
You regained 2 hp, and now have 17/74 hp.
You puncture the steam dragon! You freeze the steam dragon.
You kill the steam dragon!
Lugonu accepts your kill.
The wraith hits you but does no damage. 😱 HP[+1]
You barely miss the wraith. The wraith hits you.
* * * LOW HITPOINT WARNING * * *
The wraith drains your vigour!
You feel yourself slow down. 😱 HP[-5]
You take 5 damage, and now have 13/74 hp.
You hit the wraith but do no damage. The wraith closely misses you.
The wraith misses you. 😱 HP[+2]
You regained 2 hp, and now have 15/74 hp.
Okay, then.
The wraith attacks as you move away! The wraith hits you but does no damage.
A manticore comes into view.
The manticore flicks its tail.
The volley of spikes hits you!
The barbed spikes become lodged in your body.
You die...

Skill      XL: |  1  2  3  4  5  6  7  8  9 |
---------------+----------------------------+-----
Dodging        | 1 |  1.0
Invocations    | 2 3 4 5 6 |  6.7
Polearms       | 2 3 4 5 6 |  6.1
Armour         | 2 3 4 5 6 |  6.1
Fighting       | 4 5 6 7 |  7.8

Action                   |  1- 3 |  4- 6 |  7- 9 || total
-------------------------+-------+-------+-------++-------
Melee: Spear             |   145 |   222 |   283 ||   650
       Punch             |     2 |     3 |     4 ||     9
       Halberd           |       |       |   189 ||   189
 Fire: Hunting sling     |       |       |    55 ||    55
Throw: Javelin           |       |     1 |     1 ||     2
Invok: Bend Space        |       |       |     6 ||     6
       Banish            |       |       |     1 ||     1
Evoke: Wand              |       |     2 |     3 ||     5
  Use: Scroll            |       |     6 |     5 ||    11
Armor: Leather armour    |     7 |       |       ||     7
       Chain mail        |    63 |   122 |       ||   185
       Scale mail        |     5 |       |       ||     5
       Ring mail         |       |    10 |   212 ||   222
Dodge: Dodged            |    56 |    80 |   288 ||   424

Levels and vault maps discovered:
D:1:      onia_arrival_mini_spirals, layout_basic,
          dreamdust_ecumenical_altar_angels_and_demons
D:2:      layout_basic, kennysheep_generic_room_10, uniq_robin, uniq_terence
D:3:      layout_loops_ring
D:4:      layout_rooms, chequers_temple_overflow_statue_of_worship,
          minmay_between, uniq_natasha
D:5:      layout_loops_cross, gup_sewer_entry_bubbles
D:6:      layout_cave_pools, minitemple, temple_fountains
D:7:      layout_basic, chequers_serial_rivers_large_b
D:8:      minmay_bloctagon_deflated, layout_gridville, lemuel_blue_sif_altar,
          uniq_psyche

Notes
Turn   | Place    | Note
-------+----------+-------------------------------------------
     0 | Abyss:1  | spiderkeys the Mummy Abyssal Knight began the quest for the
                  | Orb.
     0 | Abyss:1  | Reached XP level 1. HP: 18/18 MP: 2/2
     0 | Abyss:1  | magus.rc [v1.11.3]
    35 | Abyss:1  | Found a corrupted altar of Lugonu.
    68 | Abyss:1  | Found a corrupted altar of Lugonu.
    83 | D:1      | You pass through the gate.
    83 | D:1      | Escaped the Abyss
   217 | D:1      | Reached skill level 1 in Dodging
   217 | D:1      | Reached XP level 2. HP: 18/24 MP: 3/3
   296 | D:1      | Found a faded altar of an unknown god.
   672 | D:1      | Reached skill level 2 in Invocations
   919 | D:2      | Reached skill level 2 in Polearms
   919 | D:2      | Reached skill level 2 in Armour
   919 | D:2      | Gained mutation: You are in touch with the powers of death.
                  | [Mummy growth]
   919 | D:2      | Reached XP level 3. HP: 29/29 MP: 4/4
   945 | D:2      | Noticed Robin
   988 | D:2      | Killed Robin
   994 | D:2      | Reached *** piety under Lugonu
  1137 | D:2      | Reached XP level 4. HP: 36/36 MP: 5/5
  1189 | D:2      | Noticed Terence
  1210 | D:2      | Killed Terence
  1364 | D:2      | You pick up a book of Geomancy and begin reading...
  1364 | D:2      | You add the spells Sandblast, Passwall and Stone Arrow to
                  | your library.
  1705 | D:2      | Reached XP level 5. HP: 42/42 MP: 7/7
  2212 | D:3      | Reached **** piety under Lugonu
  2232 | D:3      | Reached skill level 4 in Fighting
  2341 | D:3      | Reached skill level 3 in Invocations
  2585 | D:4      | Noticed Natasha
  2729 | D:3      | Reached XP level 6. HP: 48/48 MP: 8/8
  2756 | D:3      | Reached skill level 3 in Polearms
  2756 | D:3      | Reached skill level 3 in Armour
  2775 | D:4      | Killed Natasha
  2811 | D:4      | You pick up a book of Changes and begin reading...
  2822 | D:4      | You fall into a shaft and drop 2 floors!
  2828 | D:6      | Identified the +3 ring mail "Etefuw" {rC+}
  2884 | D:6      | Noticed an ice beast
  2898 | D:6      | Noticed an ice beast
  2906 | D:5      | Entered Level 5 of the Dungeon
  2917 | D:5      | Reached XP level 7. HP: 53/55 MP: 9/9
  2957 | D:5      | Reached skill level 5 in Fighting
  3026 | D:5      | Found a glowing drain.
  3033 | Sewer    | Entered a sewer
  3167 | Sewer    | Reached skill level 4 in Invocations
  3273 | Sewer    | Reached ***** piety under Lugonu
  3811 | D:4      | Noticed Natasha
  3829 | D:4      | Killed Natasha
  3852 | D:4      | Identified the +7 hunting sling of the Pit {freeze, +Blink
                  | Str+4}
  3916 | D:4      | Noticed Natasha
  3921 | D:4      | Killed Natasha
  4001 | D:4      | Found a snail-covered altar of Cheibriados.
  4001 | D:4      | Found an ancient bone altar of Kikubaaqudgha.
  4003 | D:4      | Found a broken altar of Ashenzari.
  4143 | D:4      | Reached skill level 4 in Polearms
  4143 | D:4      | Reached skill level 4 in Armour
  4147 | D:4      | Reached XP level 8. HP: 44/63 MP: 8/11
  4555 | D:6      | Reached skill level 6 in Fighting
  4583 | D:6      | Reached skill level 5 in Invocations
  4990 | D:6      | Found a staircase to the Ecumenical Temple.
  5084 | D:6      | Found a hazy altar of Hepliaklqana.
  5161 | D:7      | Noticed a hornet
  5170 | D:7      | Killed a hornet
  5171 | D:7      | Reached skill level 5 in Polearms
  5171 | D:7      | Reached skill level 5 in Armour
  5171 | D:7      | Reached XP level 9. HP: 49/71 MP: 13/13
  5227 | D:7      | HP: 17/71 [steam dragon/ball of steam (12)]
  5229 | D:7      | HP: 3/71 [steam dragon] (9)]
  5241 | D:7      | HP: 9/71 [orc warrior/stone (5)]
  5375 | D:7      | Reached skill level 7 in Fighting
  5478 | D:7      | Reached skill level 6 in Invocations
  5747 | D:7      | You pick up a book of Sloth and begin reading...
  5747 | D:7      | You add the spells Petrify and Metabolic Englaciation to
                  | your library.
  6143 | D:8      | Noticed Psyche
  6151 | D:8      | Killed Psyche
  6496 | D:8      | Noticed a centaur warrior
  6501 | D:8      | Noticed a black mamba
  6507 | D:8      | Banished a black mamba
  6508 | D:8      | Reached skill level 6 in Polearms
  6508 | D:8      | Reached skill level 6 in Armour
  6512 | D:8      | HP: 17/74 [wraith (11)]
  6518 | D:8      | Noticed a manticore
  6518 | D:8      | Killed from afar by a manticore

Vanquished Creatures
  Psyche (D:8)
  A hornet (D:7)
  A basilisk (D:7)
  2 steam dragons
  A water moccasin (D:6)
  3 ice beasts (D:6)
  3 orc warriors
  An ogre (D:7)
  2 centaurs (D:7)
  A phantom (D:5)
  2 kobold brigands
  2 bullfrogs
  3 scorpions (D:5)
  6 wights
  A howler monkey (D:3)
  A hound (D:4)
  A jelly (D:4)
  A gnoll shaman (D:8)
  An orc priest (D:8)
  Natasha (thrice) (D:4)
  3 iguanas
  Terence (D:2)
  3 orc wizards
  Robin (D:2)
  17 gnolls
  3 river rats
  15 adders
  A shadow imp (D:6)
  An ufetubus (D:5)
  2 worms (Sewer)
  3 dart slugs
  17 orcs
  9 ball pythons
  6 bats
  8 endoplasms
  6 giant cockroaches
  13 goblins
  12 hobgoblins
  21 kobolds
  4 quokkas
  4 frilled lizards
  9 rats
196 creatures vanquished.

Table legend:
 A = Non-vault XP
 B = Vault XP
 C = Vault XP percentage of total XP
 D = Non-vault monster count
 E = Vault monster count
 F = Vault count percentage of total count
                 A         B        C        D         E       F
            +---------+---------+-------+---------+---------+-------
      Total |    4208 |    1182 |  21.9 |     143 |      54 |  27.4
            +---------+---------+-------+---------+---------+-------
        D:1 |      33 |       0 |   0.0 |      18 |       0 |   0.0
        D:2 |      92 |      74 |  44.6 |      19 |      15 |  44.1
        D:3 |     286 |       0 |   0.0 |      29 |       0 |   0.0
        D:4 |     360 |     102 |  22.1 |      13 |       6 |  31.6
        D:5 |     489 |      23 |   4.5 |      17 |       7 |  29.2
        D:6 |     942 |       0 |   0.0 |      12 |       0 |   0.0
        D:7 |    1249 |       0 |   0.0 |      12 |       0 |   0.0
        D:8 |     757 |     796 |  51.3 |      23 |       2 |   8.0
      Sewer |       0 |     187 | 100.0 |       0 |      24 | 100.0
            +---------+---------+-------+---------+---------+-------

Illustrated notes

Table legend:
 A = Kills in this place as a percentage of kills in entire the game.
 B = Kills by you in this place as a percentage of kills by you in the entire game.
 C = Kills by friends in this place as a percentage of kills by friends in the entire game.
 D = Other kills in this place as a percentage of other kills in the entire game.
 E = Experience gained in this place as a percentage of experience gained in the entire game.
 F = Experience gained in this place divided by the number of levels of this place that you have seen.
                   A       B       C       D       E      F
               +-------+-------+-------+-------+-------+----------------------
         Total | 100.0 | 100.0 |   N/A | 100.0 | 100.0 | 539.0
       Dungeon |  87.8 |  87.8 |   N/A | 100.0 |  96.5 | 650.4
         Sewer |  12.2 |  12.2 |   N/A |   0.0 |   3.5 | 187.0
               +-------+-------+-------+-------+-------+----------------------

Table legend: (Time is in decaauts)
 A = Elapsed time spent in this place.
 B = Non-inter-level travel time spent in this place.
 C = Inter-level travel time spent in this place.
 D = Time resting spent in this place.
 E = Time spent auto-exploring this place.
 F = Levels seen in this place.
 G = Mean time per level.
                   A        B        C        D        E       F      G
               +--------+--------+--------+--------+--------+-----+--------+
         Total |   6723 |   6521 |    202 |    245 |   4467 |  10 |  672.3 |
       Dungeon |   6149 |   5947 |    202 |    230 |   4158 |   8 |  768.6 |
         Abyss |     86 |     86 |      0 |      0 |     61 |   1 |   86.0 |
         Sewer |    487 |    487 |      0 |     15 |    247 |   1 |  487.0 |
               +--------+--------+--------+--------+--------+-----+--------+

Top non-repeatable levels by time:
     D:2: 1091 daAuts
     D:7: 1044 daAuts
     D:6: 836 daAuts
     D:1: 787 daAuts
     D:3: 785 daAuts
     D:5: 771 daAuts
     D:4: 491 daAuts
   Sewer: 487 daAuts
     D:8: 341 daAuts
 Abyss:1: 86 daAuts
